 Dungeon Crawl Stone Soup version 0.30.1-11-g7821555f0a (console) character file.

Game seed: 14105078487343507041

4 JoeltCo the Grave Robber (level 1, -5/13 HPs)
             Began as a Demonspawn Necromancer on Jan 9, 2024.
             Killed from afar by Pikel (13 damage)
             ... with a puff of flame
             ... on level 5 of the Dungeon.
             The game lasted 00:01:49 (305 turns).

JoeltCo the Grave Robber (Demonspawn Necromancer)    Turns: 305, Time: 00:01:50

Health: -5/13      AC:  2    Str:  8    XL:     1   Next: 58%
Magic:  3/3        EV: 12    Int: 16    God:
Gold:   33         SH:  0    Dex: 13    Spells: 3/4 levels left

rFire   . . .        c - +0 dagger
rCold   . . .        (no shield)
rNeg    . . .        a - +0 robe
rPois   .            (no helmet)
rElec   .            (no cloak)
rCorr   .            (no gloves)
SInv    .            (no boots)
Will    .....        (no amulet)
Stlth   +            (no ring)
HPRegen 0.22/turn    (no ring)
MPRegen 0.08/turn

%: no passive effects
@: confused
A: no striking features
a: no special abilities


You were on level 5 of the Dungeon.
You visited 1 branch of the dungeon, and saw 5 of its levels.

You collected 33 gold pieces.

Inventory:

Hand Weapons
 c - a +0 dagger (weapon)
Armour
 a - a +0 robe (worn)
Wands
 g - a wand of flame (17)
Scrolls
 d - a scroll of vulnerability
 e - a scroll of noise
Potions
 f - a potion of attraction


   Skills:
 - Level 1.7 Dodging
 - Level 1.7 Stealth
 - Level 2.0 Spellcasting
 + Level 4.7 Necromancy


You had 3 spell levels left.
You knew the following spells:

 Your Spells              Type           Power      Damage    Failure   Level
a - Necrotise             Necr           64%        1d7       3%          1

Your spell library contained the following spells:

 Spells                   Type           Power      Damage    Failure   Level
 Vampiric Draining        Necr           16%        2d7       9%          3
 Animate Dead             Necr           16%        N/A       30%         4
 Agony                    Necr           16%        N/A       63%         5


Dungeon Overview and Level Annotations

Branches:
Dungeon (5/15)
 Temple: D:4-7

Altars:

Annotations:
D:5 Dowan, Pikel


Message History

Unknown command.
Casting: Necrotise (safe; 3% risk of failure)
Confirm with . or Enter, or press ? or * to list all spells.
You don't have enough magic to cast this spell.
Unknown command.
Unknown command.
You are too injured to fight recklessly!
You are too injured to fight recklessly!
You are too injured to fight recklessly!
Unknown command.
Pikel, Merchant of Souls comes into view.
He is wielding a +0 whip of electrocution and carrying a wand of flame (30).
A lemure comes into view. x2
Magic courses through your body.
The orc wizard points at you and mumbles some strange words.
You are confused.
Your orc skeleton hits the orc.
You're too confused to cast spells.
Sorry, you're not good enough to have a special ability.
Unknown command.
Unknown command.
The lemure shouts!
You hear a shout!
A lemure comes into view.
The lemure shouts!
A lemure comes into view.
You're too confused to cast spells.
Sorry, you're not good enough to have a special ability.
Unknown command.
You're too confused to cast spells.
Sorry, you're not good enough to have a special ability.
Unknown command.
You're too confused to cast spells.
Sorry, you're not good enough to have a special ability.
Unknown command.
Unknown command.
You're too confused to cast spells.
Sorry, you're not good enough to have a special ability.
You're too confused to cast spells.
You're too confused to move!
Pikel zaps a wand.
The puff of flame hits you!
Ouch! That really hurt!
You die...

.........## .####.....#
####.## #......5.. #
###.#.# #...5.....
.###.....## #........#
.....#..... #......5.+
###..#...## #........#
####..#...## #......5.#
#...........
#......K.####.##.......#
#.....@.oo.Z...)......#
#.##########....#.....#
#....###.....# #.#..#
#.....# ....... ......#
....#......o....
.....#..........# .#+#
#........... ..........#


You could see Pikel, 4 lemures, an orc wizard, an orc (ally target) and a
friendly orc skeleton.

Vanquished Creatures
  An orc (D:5)
  A goblin (D:4)
  A frilled lizard (D:2)
  A rat (D:3)
4 creatures vanquished.

Notes
Turn   | Place    | Note
-------+----------+-------------------------------------------
     0 | D:1      | JoeltCo the Demonspawn Necromancer began the quest for the
                  | Orb.
     0 | D:1      | Reached XP level 1. HP: 13/13 MP: 3/3
   249 | D:5      | Entered Level 5 of the Dungeon
   249 | D:5      | Noticed Dowan
   258 | D:4      | Noticed a hound
   285 | D:5      | Noticed an orc wizard
   300 | D:5      | Noticed Pikel
   301 | D:5      | Noticed a lemure
   301 | D:5      | Noticed a lemure
   303 | D:5      | Noticed a lemure
   304 | D:5      | Noticed a lemure
   305 | D:5      | Killed from afar by Pikel

Illustrated notes

Levels and vault maps discovered:
D:1:      dpeg_arrival_erosion, layout_loops_cross, dk_noncrumbling_4,
          chequers_serial_rivers_large_a
D:2:      layout_rooms, shapermc_ecumenical_altar_ellora, basic_altar
D:3:      layout_basic
D:4:      layout_rooms, lightli_sewer_entry_pipes, minmay_starry_boxes
D:5:      layout_basic, serial_shops, shop, uniq_duvessa, uniq_pikel

Action                     || total
---------------------------++-------
   Cast: Necrotise         ||     9
    Use: Potion            ||     5
         Scroll            ||     2
  Dodge: Dodged            ||     1
